 Dungeon Crawl Stone Soup version 0.20.1-1-g8b1a95d (webtiles) character file.

1179 Megalobster the Chopper (level 8, -6/73 HPs)
             Began as a Deep Dwarf Fighter on Aug 1, 2017.
             Mangled by Crazy Yiuf
             ... wielding a +3 quarterstaff of chaos
              (16 damage)
             ... on level 5 of the Dungeon.
             The game lasted 00:11:33 (4450 turns).

Megalobster the Chopper (Deep Dwarf Fighter)        Turns: 4450, Time: 00:11:34

Health: -6/73      AC: 16    Str: 22    XL:     8   Next: 18%
Magic:  0/7        EV:  8    Int:  9    God:
Gold:   323        SH: 10    Dex: 12    Spells: 7/7 levels left

rFire    . . .     SeeInvis .   a - +0 war axe
rCold    . . .     Gourm    .   c - +0 shield
rNeg     . . .     Faith    .   y - +4 ring mail
rPois    .         Spirit   .   (no helmet)
rElec    .         Reflect  .   j - +0 cloak
rCorr    .         Harm     .   r - +2 pair of gloves
MR       +....     Rnd*Tele +   D - +0 pair of boots
Stlth    +.........             (no amulet)
Regen    0.0/turn               B - ring of teleportation (curse)
MPRegen  0.1/turn               (no ring)

@: non-regenerating
A: damage resistance, heal wounds, sense surroundings 1, no regeneration
a: Heal Wounds


You were on level 5 of the Dungeon.
You were not hungry.

You visited 1 branch of the dungeon, and saw 5 of its levels.

You collected 323 gold pieces.

Inventory:

Hand Weapons
 a - a +0 war axe (weapon)
 d - a +1 dagger of venom
 p - a +0 hunting sling
 w - a +0 blowgun
Missiles
 e - 301 stones (quivered)
 x - 18 poisoned needles
 C - 10 javelins
 F - 8 tomahawks
Armour
 b - a +0 scale mail
 c - a +0 shield (worn)
 i - a +0 scale mail
 j - a +0 cloak (worn)
 r - a +2 pair of gloves (worn)
 y - a +4 ring mail (worn)
 D - a +0 pair of boots (worn)
Jewellery
 k - an uncursed ring of fire
 B - a cursed ring of teleportation (left hand)
 H - an uncursed amulet of regeneration
 L - an uncursed amulet of harm
Wands
 J - a wand of paralysis (5/24)
 K - a wand of acid (11/15)
Scrolls
 g - a scroll of enchant armour {unknown}
 o - 2 scrolls of identify {unknown}
 q - 2 scrolls of enchant weapon {unknown}
 s - a scroll of amnesia {unknown}
 t - 3 scrolls of remove curse {unknown}
 v - a scroll of magic mapping {unknown}
 A - a scroll of teleportation {unknown}
Potions
 l - 2 potions of ambrosia {unknown}
 m - 4 potions of curing
 E - a potion of flight {unknown}
 G - a potion of degeneration {unknown}
 I - a potion of experience {unknown}
 M - a potion of haste {unknown}
 N - a potion of mutation {unknown}
Comestibles
 f - 6 bread rations
 h - 4 royal jellies
 n - 4 meat rations
 z - 3 fruits


   Skills:
 + Level 4.8 Fighting
 * Level 7.3 Axes
 + Level 5.7 Armour
 + Level 5.5 Shields


You had 7 spell levels left.
You didn't know any spells.

Dungeon Overview and Level Annotations

Branches:
Dungeon (5/15)
 Temple: D:4-7

Altars:

Annotations:
D:5 Crazy Yiuf


Innate Abilities, Weirdness & Mutations

You are resistant to damage.
You can heal yourself by infusing magical energy.
You passively map a small area around you.
You do not regenerate.


Message History

* * * LOW HITPOINT WARNING * * *
Crazy Yiuf hits you with a quarterstaff of chaos.
Crazy Yiuf burns you.
Okay, then.
You closely miss Crazy Yiuf.
Crazy Yiuf is moderately wounded.
Crazy Yiuf closely misses you.
You hit Crazy Yiuf.
Crazy Yiuf is heavily wounded.
Crazy Yiuf barely misses you.
Crazy Yiuf hits you with a quarterstaff of chaos.
* * * LOW HITPOINT WARNING * * *
You feel your power leaking away.
You slash Crazy Yiuf!
Crazy Yiuf is severely wounded.
You block Crazy Yiuf's attack.
You hit Crazy Yiuf but do no damage.
Crazy Yiuf is severely wounded.
Crazy Yiuf hits you with a quarterstaff of chaos!
You die...

##..## #.#
#.# ##
♣PP..♣ #.#
#.#
.###########
♣♣P..♣
#.######.#
.........>.#
♣♣.♣♣
#........#
.########.##
♣♣.♣
##########
## #.# ♣.♣♣
#.# ♣♣.♣
#########.#
♣.♣♣
....<.....#
#@#
.##########
#.g.# ##
#...# #)..#
#####


You could see Crazy Yiuf (berserk).

Vanquished Creatures
  Sigmund (D:5)
  2 sky beasts (D:5)
  A scorpion (D:4)
  2 howler monkeys (D:5)
  A bullfrog zombie (D:5)
  A quasit (D:5)
  A jelly (D:5)
  A bullfrog skeleton (D:4)
  3 orc priests
  A hound (D:5)
  2 orc wizards
  Ijyb (D:5)
  Natasha (thrice) (D:3)
  4 worker ants
  Robin (D:2)
  5 gnolls
  4 adders
  A shadow imp (D:5)
  A worm (D:3)
  2 adder skeletons (D:4)
  3 dart slugs
  5 leopard geckos
  10 orcs
  2 giant cockroaches
  14 goblins
  13 hobgoblins
  8 jackals
  A quokka (D:5)
  9 bats
  3 frilled lizards
  A jackal zombie (D:3)
  3 kobolds (D:3)
  A quokka skeleton (D:4)
  11 rats
122 creatures vanquished.

Notes
Turn   | Place    | Note
-------+----------+-------------------------------------------
     0 | D:1      | Megalobster the Deep Dwarf Fighter began the quest for the Orb.
     0 | D:1      | Reached XP level 1. HP: 20/20 MP: 1/1
   180 | D:1      | Reached XP level 2. HP: 27/27 MP: 2/2
   250 | D:1      | Reached skill level 3 in Axes
   469 | D:1      | Reached XP level 3. HP: 22/33 MP: 3/3
   764 | D:2      | Noticed Robin
   842 | D:2      | Killed Robin
  1391 | D:2      | Reached XP level 4. HP: 10/42 MP: 4/4
  1901 | D:3      | Noticed Natasha
  1911 | D:3      | Killed Natasha
  1957 | D:3      | Noticed Natasha
  1967 | D:3      | Killed Natasha
  1967 | D:3      | Reached skill level 4 in Axes
  2025 | D:3      | Reached XP level 5. HP: 43/49 MP: 5/5
  2271 | D:3      | Noticed Natasha
  2281 | D:3      | Killed Natasha
  2602 | D:4      | Reached XP level 6. HP: 31/56 MP: 6/6
  2665 | D:4      | Reached skill level 5 in Axes
  3208 | D:5      | Entered Level 5 of the Dungeon
  3306 | D:5      | Reached XP level 7. HP: 42/64 MP: 6/6
  3380 | D:5      | Noticed Ijyb
  3395 | D:5      | Paralysed by Ijyb for 4 turns
  3405 | D:5      | Killed Ijyb
  3455 | D:5      | Reached skill level 5 in Armour
  3458 | D:5      | Reached skill level 6 in Axes
  3749 | D:5      | Noticed Sigmund
  3767 | D:5      | Reached skill level 5 in Shields
  3814 | D:5      | Killed Sigmund
  3900 | D:5      | Reached XP level 8. HP: 36/73 MP: 7/7
  3961 | D:5      | Reached skill level 7 in Axes
  4075 | D:5      | Found a runed door.
  4439 | D:5      | Noticed Crazy Yiuf
  4450 | D:5      | Mangled by Crazy Yiuf

Skill      XL: |  1  2  3  4  5  6  7  8 |
---------------+-------------------------+-----
Axes           | 3 4 5 6 7 |  7.3
Fighting       | 3 4 |  4.8
Armour         | 4 5 |  5.7
Shields        | 4 5 |  5.5

Action                   |  1- 3 |  4- 6 |  7- 9 || total
-------------------------+-------+-------+-------++-------
Melee: War axe           |   100 |   220 |   165 ||   485
Throw: Stone             |       |     7 |       ||     7
 Abil: Heal Wounds       |       |     2 |     2 ||     4
  Use: Potion            |     1 |     1 |       ||     2
  Eat: Chunk             |     1 |     3 |     4 ||     8
       Bread ration      |     1 |       |       ||     1
Armor: Scale mail        |    45 |    65 |       ||   110
       Ring mail         |       |    71 |    82 ||   153
Dodge: Dodged            |    31 |    96 |    36 ||   163
Block: Shield            |    52 |   159 |    81 ||   292
